MLB
SAN FRANCISCO GIANTS @ CHICAGO CUBS
05/30/2049
 
TOP OF THE 1ST
San Francisco Giants batting - Pitching for Chicago Cubs : LHP Unkei Wakamatsu
Pitching: LHP Unkei Wakamatsu
Batting: RHB Philip Jansen 0-0: Ball
1-0: Fly out, F8 (Flyball, 78S, EV 90.0 MPH)
Batting: LHB Carey Horncole 0-0: Ball
1-0: SOLO HOME RUN (Flyball, 9D, EV 98.1 MPH), Distance : 380 ft
Batting: RHB Sean Zielinski 0-0: Ball
1-0: Ball
2-0: Called Strike
2-1: Ball
3-1: SINGLE (Groundball, 56D, EV 103.1 MPH)
Batting: LHB Jack Henningar 0-0: Ball
1-0: SINGLE (Groundball, 4D, EV 102.5 MPH)
Sean Zielinski to second
Runner from 2nd tries for 3rd, SAFE, throw by RF made to third
Jack Henningar to second
Batting: RHB Lucan Esini 0-0: Ball
1-0: DOUBLE (Line Drive, 89M, EV 88.8 MPH)
Sean Zielinski scores
Jack Henningar scores
Batting: SHB Ryan Doss 0-0: Ball
1-0: 2-RUN HOME RUN (Flyball, 7LD, EV 95.6 MPH), Distance : 366 ft
Batting: RHB Nate Hodson 0-0: Called Strike
0-1: Swinging Strike
0-2: Foul Ball, location: 2F
0-2: Ball
1-2: Ball
2-2: Foul Ball, location: 2F
2-2: Strikes out swinging
Batting: SHB Bill Dooms 0-0: Foul Ball, location: 2F
0-1: Ball
1-1: Swinging Strike
1-2: Strikes out looking
Top of the 1st over - 5 runs, 5 hits, 0 errors, 0 left on base; San Francisco 5 - Chicago 0
BOTTOM OF THE 1ST
Chicago Cubs batting - Pitching for San Francisco Giants : RHP Curt Howland
Pitching: RHP Curt Howland
Batting: RHB Josh Kalman 0-0: Reached on error, E5 (Groundball, 56S, EV 87.5 MPH)
Batting: RHB Steve Bartman Jr. 0-0: Called Strike
0-1: SINGLE (Line Drive, 4M, EV 106.9 MPH)
Josh Kalman to second
Batting: LHB Kevin Norton 0-0: Ball
1-0: Foul Ball, location: 2F
1-1: Called Strike
1-2: Foul Ball, location: 2F
1-2: DOUBLE (Groundball, 5L, EV 96.2 MPH)
Josh Kalman scores
Steve Bartman Jr. to third
Runner from 3rd tries for Home, throw by LF and OUT! 7-6-2
Kevin Norton to third
Batting: RHB Xavier Davis 0-0: DOUBLE (Flyball, 78XD, EV 103.1 MPH)
Kevin Norton scores
Batting: SHB Moe Lester 0-0: Ground out U3 (Groundball, 34, EV 103.8 MPH)
Xavier Davis to third
Batting: LHB Jon Schick 0-0: Ball
1-0: Swinging Strike
1-1: Ball
2-1: SINGLE (Line Drive, 7LS, EV 106.9 MPH)
Xavier Davis scores
Batting: SHB Gabriel Cruz 0-0: Ball
1-0: Ball
2-0: Foul Ball, location: 2F
2-1: Called Strike
2-2: Foul Ball, location: 2F
2-2: Strikes out looking
Bottom of the 1st over - 3 runs, 4 hits, 1 error, 1 left on base; San Francisco 5 - Chicago 3
TOP OF THE 2ND
San Francisco Giants batting - Pitching for Chicago Cubs : LHP Unkei Wakamatsu
Batting: LHB Luis Magdaleno 0-0: Ground out 6-3 (Groundball, 6, EV 81.9 MPH)
Batting: RHB Philip Jansen 0-0: Called Strike
0-1: Called Strike
0-2: Strikes out swinging
Batting: LHB Carey Horncole 0-0: Swinging Strike
0-1: Ball
1-1: Swinging Strike
1-2: Ball
2-2: SOLO HOME RUN (Flyball, 78XD, EV 106.9 MPH), Distance : 398 ft
Batting: RHB Sean Zielinski 0-0: Ball
1-0: Ball
2-0: Foul Ball, location: 2F
2-1: SINGLE (Groundball, 56S, EV 70.0 MPH) (infield hit)
Pitching: RHP Steve DiDomenico
Batting: LHB Jack Henningar 0-0: Called Strike
0-1: Swinging Strike
0-2: Strikes out swinging
Top of the 2nd over - 1 run, 2 hits, 0 errors, 1 left on base; San Francisco 6 - Chicago 3
BOTTOM OF THE 2ND
Chicago Cubs batting - Pitching for San Francisco Giants : RHP Curt Howland
Batting: RHB Jose Balderrama 0-0: Ball
1-0: Ball
2-0: Called Strike
2-1: Foul Ball, location: 2F
2-2: Foul Ball, location: 2F
2-2: Ground out 6-3 (Groundball, 6, EV 103.1 MPH)
Batting: SHB Tze-meng Gan 0-0: Foul Ball, location: 2F
0-1: Ball
1-1: Foul Ball, location: 2F
1-2: Fly out, F7 (Line Drive, 7S, EV 92.5 MPH)
Batting: RHB Josh Kalman 0-0: Called Strike
0-1: Ground out 5-3 (Groundball, 56, EV 88.1 MPH)
Bottom of the 2nd over - 0 runs, 0 hits, 0 errors, 0 left on base; San Francisco 6 - Chicago 3
TOP OF THE 3RD
San Francisco Giants batting - Pitching for Chicago Cubs : RHP Steve DiDomenico
Batting: RHB Lucan Esini 0-0: Ball
1-0: Ground out 6-3 (Groundball, 6, EV 81.9 MPH)
Batting: SHB Ryan Doss 0-0: Foul Ball, location: 2F
0-1: Fly out, F8 (Flyball, 8RM, EV 82.5 MPH)
Batting: RHB Nate Hodson 0-0: Called Strike
0-1: Ball
1-1: Fly out, F8 (Flyball, 8RXD, EV 90.6 MPH)
Top of the 3rd over - 0 runs, 0 hits, 0 errors, 0 left on base; San Francisco 6 - Chicago 3
BOTTOM OF THE 3RD
Chicago Cubs batting - Pitching for San Francisco Giants : RHP Curt Howland
Batting: RHB Steve Bartman Jr. 0-0: Ball
1-0: Called Strike
1-1: Foul Ball, location: 2F
1-2: Ball
2-2: Fly out, F9 (Line Drive, 9S, EV 106.2 MPH)
Batting: LHB Kevin Norton 0-0: Ball
1-0: Swinging Strike
1-1: DOUBLE (Flyball, 78XD, EV 104.4 MPH)
Batting: RHB Xavier Davis 0-0: Foul Ball, location: 2F
0-1: Foul Ball, location: 2F
0-2: Strikes out swinging
Batting: SHB Moe Lester 0-0: Ball
1-0: Foul Ball, location: 2F
1-1: Foul Ball, location: 2F
1-2: Strikes out looking
Bottom of the 3rd over - 0 runs, 1 hit, 0 errors, 1 left on base; San Francisco 6 - Chicago 3
TOP OF THE 4TH
San Francisco Giants batting - Pitching for Chicago Cubs : RHP Steve DiDomenico
Batting: SHB Bill Dooms 0-0: Ball
1-0: Called Strike
1-1: SINGLE (Groundball, 5D, EV 103.8 MPH)
Batting: LHB Luis Magdaleno 0-0: Swinging Strike
0-1: Ball
1-1: Foul Ball, location: 2F
1-2: Strikes out swinging
Batting: RHB Philip Jansen 0-0: Called Strike
0-1: Ball
1-1: Foul Ball, location: 2F
1-2: Hit by Pitch
Bill Dooms to second
Batting: LHB Carey Horncole 0-0: Ball
1-0: Ball
2-0: Called Strike
2-1: Foul Ball, location: 2F
2-2: Foul Ball, location: 2F
2-2: Ball
3-2: Base on Balls
Bill Dooms to third
Philip Jansen to second
Batting: RHB Sean Zielinski 0-0: Foul Ball, location: 2F
0-1: Called Strike
0-2: Ball
1-2: Ball
2-2: Fly out, F9 (Flyball, 9, EV 81.2 MPH)
Runner from 3rd tags up, SCORES, no throw by RF
Batting: LHB Jack Henningar 0-0: Ball
1-0: Foul Ball, location: 2F
1-1: Foul Ball, location: 2F
1-2: Foul Ball, location: 2F
1-2: TRIPLE (Flyball, 89XD, EV 93.1 MPH)
Philip Jansen scores
Carey Horncole scores
Batting: RHB Lucan Esini 0-0: Foul Ball, location: 2F
0-1: Swinging Strike
0-2: Strikes out swinging
Top of the 4th over - 3 runs, 2 hits, 0 errors, 1 left on base; San Francisco 9 - Chicago 3
BOTTOM OF THE 4TH
Chicago Cubs batting - Pitching for San Francisco Giants : RHP Curt Howland
Batting: LHB Jon Schick 0-0: Called Strike
0-1: Called Strike
0-2: Hit by Pitch
Batting: SHB Gabriel Cruz 0-0: Grounds into double play, 5-4-3 (Groundball, 5, EV 90.0 MPH)
Batting: RHB Jose Balderrama 0-0: Foul Ball, location: 2F
0-1: Foul Ball, location: 2F
0-2: Strikes out looking
Bottom of the 4th over - 0 runs, 0 hits, 0 errors, 0 left on base; San Francisco 9 - Chicago 3
TOP OF THE 5TH
San Francisco Giants batting - Pitching for Chicago Cubs : RHP Steve DiDomenico
Batting: SHB Ryan Doss 0-0: Ball
1-0: Called Strike
1-1: Called Strike
1-2: Strikes out swinging
Batting: RHB Nate Hodson 0-0: Ground out 3-1 (Groundball, 34, EV 107.5 MPH)
Batting: SHB Bill Dooms 0-0: Called Strike
0-1: Fly out, F4 (Popup, 4S, EV 70.0 MPH)
Top of the 5th over - 0 runs, 0 hits, 0 errors, 0 left on base; San Francisco 9 - Chicago 3
BOTTOM OF THE 5TH
Chicago Cubs batting - Pitching for San Francisco Giants : RHP Curt Howland
Batting: SHB Tze-meng Gan 0-0: Ball
1-0: Foul Ball, location: 2F
1-1: Foul Ball, location: 2F
1-2: Strikes out swinging
Batting: RHB Josh Kalman 0-0: Called Strike
0-1: Ball
1-1: Foul Ball, location: 2F
1-2: Foul Ball, location: 2F
1-2: Ball
2-2: Strikes out swinging
Batting: RHB Steve Bartman Jr. 0-0: Called Strike
0-1: Ball
1-1: Swinging Strike
1-2: Strikes out looking
Bottom of the 5th over - 0 runs, 0 hits, 0 errors, 0 left on base; San Francisco 9 - Chicago 3
TOP OF THE 6TH
San Francisco Giants batting - Pitching for Chicago Cubs : RHP Steve DiDomenico
Batting: LHB Luis Magdaleno 0-0: Called Strike
0-1: Foul Ball, location: 2F
0-2: DOUBLE (Flyball, 78D, EV 98.1 MPH)
Batting: RHB Philip Jansen 0-0: Fly out, F9 (Flyball, 9S, EV 86.2 MPH)
Batting: LHB Carey Horncole 0-0: Ball
1-0: Foul Ball, location: 2F
1-1: Ball
2-1: Foul Ball, location: 2F
2-2: Ball
3-2: Base on Balls
Batting: RHB Sean Zielinski 0-0: Called Strike
0-1: Foul Ball, location: 2F
0-2: Ball
1-2: Grounds into double play, 4-6-3 (Groundball, 4, EV 98.8 MPH)
Top of the 6th over - 0 runs, 1 hit, 0 errors, 1 left on base; San Francisco 9 - Chicago 3
BOTTOM OF THE 6TH
Chicago Cubs batting - Pitching for San Francisco Giants : RHP Curt Howland
Batting: LHB Kevin Norton 0-0: Ball
1-0: Foul Ball, location: 2F
1-1: Foul Ball, location: 2F
1-2: Strikes out looking
Batting: RHB Xavier Davis 0-0: Fly out, F7 (Flyball, 7, EV 83.1 MPH)
Batting: SHB Moe Lester 0-0: Foul Ball, location: 2F
0-1: Ball
1-1: Foul Ball, location: 2F
1-2: Ground out 4-3 (Groundball, 4, EV 83.8 MPH)
Bottom of the 6th over - 0 runs, 0 hits, 0 errors, 0 left on base; San Francisco 9 - Chicago 3
TOP OF THE 7TH
San Francisco Giants batting - Pitching for Chicago Cubs : RHP Steve DiDomenico
Batting: LHB Jack Henningar 0-0: Ball
1-0: Foul Ball, location: 2F
1-1: Foul Ball, location: 2F
1-2: Ball
2-2: Strikes out looking
Batting: RHB Lucan Esini 0-0: Called Strike
0-1: Fly out, F8 (Flyball, 89S, EV 83.8 MPH)
Batting: SHB Ryan Doss 0-0: Ground out 4-3 (Groundball, 4M, EV 79.4 MPH)
Top of the 7th over - 0 runs, 0 hits, 0 errors, 0 left on base; San Francisco 9 - Chicago 3
BOTTOM OF THE 7TH
Chicago Cubs batting - Pitching for San Francisco Giants : RHP Curt Howland
Batting: LHB Jon Schick 0-0: Called Strike
0-1: DOUBLE (Line Drive, 89D, EV 107.5 MPH)
Batting: SHB Gabriel Cruz 0-0: Foul Ball, location: 2F
0-1: Foul Ball, location: 2F
0-2: Foul Ball, location: 2F
0-2: Ball
1-2: Foul Ball, location: 2F
1-2: Ball
2-2: SINGLE (Groundball, 25, EV 63.8 MPH) (infield hit)
Jon Schick to third
Batting: RHB Jose Balderrama 0-0: Foul Ball, location: 2F
0-1: Ball
1-1: Ball
2-1: Ball
Gabriel Cruz steals 2nd base
3-1: Foul Ball, location: 2F
3-2: Fly out, F8 (Line Drive, 8RM, EV 98.1 MPH)
Runner from 3rd tags up, SCORES, throw by CF
Batting: SHB Tze-meng Gan 0-0: Fly out, F7 (Line Drive, 7, EV 105.0 MPH)
Batting: RHB Josh Kalman 0-0: Ball
1-0: Called Strike
1-1: Ball
2-1: Foul Ball, location: 2F
2-2: Ball
3-2: Base on Balls
Batting: RHB Steve Bartman Jr. 0-0: Called Strike
0-1: Ball
1-1: Ball
2-1: Ground out 5-3 (Groundball, 56S, EV 62.5 MPH)
Bottom of the 7th over - 1 run, 2 hits, 0 errors, 2 left on base; San Francisco 9 - Chicago 4
TOP OF THE 8TH
San Francisco Giants batting - Pitching for Chicago Cubs : RHP Steve DiDomenico
Batting: RHB Nate Hodson 0-0: Foul Ball, location: 2F
0-1: Ball
1-1: Ball
2-1: Foul Ball, location: 2F
2-2: Ball
3-2: Foul Ball, location: 2F
3-2: SINGLE (Line Drive, 9LS, EV 108.1 MPH)
Pitching: RHP Heef Harted
Batting: SHB Bill Dooms 0-0: Ball
1-0: Swinging Strike
1-1: Fly out, F8 (Line Drive, 8RM, EV 91.9 MPH)
Batting: LHB Luis Magdaleno 0-0: Swinging Strike
0-1: Ball
1-1: Swinging Strike
1-2: Fly out, F7 (Flyball, 78M, EV 74.4 MPH)
Batting: RHB Philip Jansen 0-0: Called Strike
Nate Hodson steals 2nd base
0-1: Ball
1-1: Ground out 5-3 (Groundball, 5L, EV 83.8 MPH)
Top of the 8th over - 0 runs, 1 hit, 0 errors, 1 left on base; San Francisco 9 - Chicago 4
BOTTOM OF THE 8TH
Chicago Cubs batting - Pitching for San Francisco Giants : RHP Curt Howland
Batting: LHB Kevin Norton 0-0: Ball
1-0: Ground out U3 (Groundball, 3, EV 100.0 MPH)
Batting: RHB Xavier Davis 0-0: Called Strike
0-1: Ball
1-1: Foul Ball, location: 2F
1-2: Ball
2-2: Foul Ball, location: 2F
2-2: Strikes out looking
Pitching: RHP Alex Montes
Batting: SHB Moe Lester 0-0: Called Strike
0-1: Hit by Pitch
Batting: LHB Jon Schick 0-0: Ball
1-0: Fielders Choice at 2nd, U4 (Groundball, 4M, EV 89.4 MPH)
Bottom of the 8th over - 0 runs, 0 hits, 0 errors, 1 left on base; San Francisco 9 - Chicago 4
TOP OF THE 9TH
San Francisco Giants batting - Pitching for Chicago Cubs : RHP Heef Harted
Pitching: LHP Mike Alexander
Batting: LHB Carey Horncole 0-0: Ball
1-0: Foul Ball, location: 2F
1-1: Swinging Strike
1-2: Foul Ball, location: 2F
1-2: Ball
2-2: Foul Ball, location: 2F
2-2: Strikes out looking
Batting: RHB Sean Zielinski 0-0: Ball
1-0: Ball
2-0: Ball
3-0: Called Strike
3-1: Foul Ball, location: 2F
3-2: Base on Balls
Batting: LHB Jack Henningar 0-0: Ball
1-0: Grounds into double play, 4-6-3 (Groundball, 34, EV 89.4 MPH)
Top of the 9th over - 0 runs, 0 hits, 0 errors, 0 left on base; San Francisco 9 - Chicago 4
BOTTOM OF THE 9TH
Chicago Cubs batting - Pitching for San Francisco Giants : RHP Alex Montes
Batting: SHB Gabriel Cruz 0-0: Called Strike
0-1: SINGLE (Line Drive, 78S, EV 89.4 MPH)
Batting: RHB Jose Balderrama 0-0: Ball
1-0: Called Strike
1-1: Called Strike
1-2: Ball
2-2: Ball
Wild Pitch!
Gabriel Cruz to second
3-2: Foul Ball, location: 2F
3-2: Base on Balls
Batting: SHB Tze-meng Gan 0-0: DOUBLE (Line Drive, 9LM, EV 102.5 MPH)
Gabriel Cruz scores
Jose Balderrama to third
Pitching: LHP Caleb Mullinax
Batting: RHB Josh Kalman 0-0: Called Strike
0-1: Ball
1-1: SINGLE (Groundball, 34D, EV 96.2 MPH)
Jose Balderrama scores
Tze-meng Gan to third
Batting: RHB Steve Bartman Jr. 0-0: Ball
1-0: Called Strike
1-1: Foul Ball, location: 2F
1-2: 3-RUN HOME RUN (Flyball, 78XD, EV 102.5 MPH), Distance : 398 ft
Batting: LHB Kevin Norton 0-0: Ball
1-0: Called Strike
1-1: DOUBLE (Flyball, 8LXD, EV 108.1 MPH)
Batting: RHB Xavier Davis 0-0: Intentional Walk
Batting: SHB Moe Lester 0-0: SINGLE (Groundball, 4MD, EV 95.0 MPH)
Kevin Norton to third
Xavier Davis to second
Batting: LHB Jon Schick 0-0: Ball
1-0: Ball
2-0: Swinging Strike
2-1: Ball
3-1: Base on Balls
Kevin Norton scores
Xavier Davis to third
Moe Lester to second
Bottom of the 9th over - 6 runs, 6 hits, 0 errors, 3 left on base; San Francisco 9 - Chicago 10
Sunday, July 16th , 2023 - OOTP Baseball 24.6 Build 69